 Dungeon Crawl Stone Soup version 0.29.1-1-gd02db6906a (webtiles) character file.

Game seed: 1578396093489629807

3857 DKerwin the Cleaver (level 9, 0/82 HPs)
             Began as a Minotaur Berserker on Sept 20, 2022.
             Was an Elder of Trog.
             Slain by a two-headed ogre
             ... wielding a +0 giant club
              (13 damage)
             ... on level 9 of the Dungeon.
             The game lasted 00:40:30 (7679 turns).

DKerwin the Cleaver (Minotaur Berserker)            Turns: 7679, Time: 00:40:31

Health: 0/82       AC: 17    Str: 32    XL:     9   Next: 99%
Magic:  8/8        EV: 17    Int:  4    God:    Trog [****..]
Gold:   394        SH:  0    Dex:  9    Spells: 8/8 levels left

rFire   . . .      SeeInvis +   o - +2 flail (protect)
rCold   . . .      Faith    .   l - orb {guile}
rNeg    . . .      Spirit   .   M - +2 ring mail "Goock" {Rampage Str+5 Stlth+}
rPois   .          Reflect  .   h - +2 hat
rElec   .          Harm     .   O - +2 cloak
rCorr   .          Rampage  +   (no gloves)
Will    .....                   d - +2 pair of boots
Stlth   +.........              (no amulet)
HPRegen 0.23/turn               H - ring of see invisible
MPRegen 0.11/turn               w - +4 ring of evasion

@: about to teleport, on berserk cooldown
A: horns 2, retaliatory headbutt
a: Renounce Religion, Berserk, Trog's Hand, Brothers in Arms


You were on level 9 of the Dungeon.
You worshipped Trog.
Trog was greatly pleased with you.
You visited 2 branches of the dungeon, and saw 10 of its levels.

You collected 394 gold pieces.

Inventory:

Hand Weapons
 g - a +2 quarterstaff of chaos
 o - a +2 flail of protection (weapon)
 y - a +0 broad axe
 C - a +1 flail of draining
 J - the +7 Throatcutter {drain, coup de grace}
   (You found it on level 7 of the Dungeon)

   A truly terrible weapon, it drains the life of any living foe it strikes.
   It may instantly kill foes which have little health.
Missiles
 x - 5 boomerangs (quivered)
 D - a throwing net
Armour
 d - a +2 pair of boots (worn)
 h - a +2 hat (worn)
 l - an orb of guile (worn)
 z - a scarf of harm
 A - the +1 ring mail "Ugihef" {rF+ Str+4}
   (You found it on level 4 of the Dungeon)

   Str:       It affects your strength (+4).
   rF:        It protects you from fire.
 M - the +2 ring mail "Goock" (worn) {Rampage Str+5 Stlth+}
   (You found it on level 8 of the Dungeon)

   Str:       It affects your strength (+5).
   Rampage:   It bestows one free step when moving towards enemies.
   Stlth:     It makes you more stealthy.
 O - a +2 cloak (worn)
Jewellery
 n - a ring of ice
 w - a +4 ring of evasion (right hand)
 H - a ring of see invisible (left hand)
Wands
 c - a wand of quicksilver (9)
 I - a wand of flame (24)
 N - a wand of charming (8)
Scrolls
 a - 2 scrolls of fear
 e - a scroll of immolation
 t - 3 scrolls of amnesia
 v - a scroll of brand weapon
 B - a scroll of silence {unknown}
 E - a scroll of enchant armour
 F - 2 scrolls of fog {unknown}
 G - 3 scrolls of magic mapping {unknown}
 K - a scroll of noise {unknown}
Potions
 b - a potion of resistance {unknown}
 f - a potion of brilliance {unknown}
 i - a potion of cancellation
 j - 4 potions of attraction
 k - 5 potions of berserk rage
 m - 3 potions of heal wounds {unknown}
 p - a potion of flight
 q - 2 potions of curing
 r - 2 potions of haste {unknown}
 s - 2 potions of invisibility
 u - 2 potions of might {unknown}


   Skills:
 + Level 8.7 Fighting
 * Level 11.0 Axes
 + Level 8.3 Armour
 + Level 7.6 Dodging


You had 8 spell levels left.
You didn't know any spells.
Your spell library was empty.

Dungeon Overview and Level Annotations

Branches:
Dungeon (9/15)             Temple (1/1) D:5
   Lair: D:8-11         Orc: D:9-12

Altars:
Ashenzari
Cheibriados
Dithmenos
Elyvilon
Fedhas
Gozag
Hepliaklqana
Kikubaaqudgha
Makhleb
Nemelex Xobeh
Okawaru
Qazlal
Ru
Sif Muna
Trog
Uskayaw
Vehumet
Wu Jian
Yredelemnul
Zin
The Shining One

Shops:
D:7 *


Innate Abilities, Weirdness & Mutations

You have a pair of horns on your head.
You reflexively headbutt those who attack you in melee.


Message History

A centaur comes into view.
The howler monkey hoots and howls with incredible vigour!
You hear a shout! x5
As you read the scroll of fear, it crumbles to dust.
You assume a fearsome visage.
The centaur looks frightened!
The howler monkey looks frightened! x3; The hornet looks frightened!
You rampage towards the howler monkey!
Found a white potion.
You rampage towards the howler monkey!
A two-headed ogre comes into view. It is wielding two +0 giant clubs.
You catch the helpless howler monkey completely off-guard!
You thump the howler monkey!
Your weapon exudes an aura of protection.
Your attack snaps the howler monkey out of its fear.
The howler monkey is heavily wounded.
You rampage towards the howler monkey!
You hear the faint creaking of a distant portcullis.
The two-headed ogre shouts in stereo!
You're still recovering from your berserk rage.
You rampage towards the two-headed ogre!
You hit the two-headed ogre.
Your weapon exudes an aura of protection.
The two-headed ogre is lightly wounded.
The two-headed ogre hits you with a +0 giant club!
The two-headed ogre hits you but does no damage.
You closely miss the two-headed ogre. You headbutt the two-headed ogre!
The two-headed ogre is moderately wounded.
The two-headed ogre closely misses you.
The two-headed ogre hits you with a +0 giant club!
You closely miss the two-headed ogre.
The two-headed ogre is moderately wounded.
The two-headed ogre hits you but does no damage. x2
The two-headed ogre hits you with a +0 giant club! x2
* * * LOW HITPOINT WARNING * * *
As you read the scroll of teleportation, it crumbles to dust.
You feel strangely unstable.
You feel yourself speed up.
The two-headed ogre hits you with a +0 giant club!
* * * LOW HITPOINT WARNING * * *
The two-headed ogre hits you with a +0 giant club!
You die...

.# .## ..............
..## #.............
...##.............#
#.........##...... .#
.................###.##
.................!#...#
......................##
................@O.....#
.................##.....
..................# ....
.........#........#... .
#........#............
##....................
##...................
#...........$...##...
#)..#..........## ...


You could see a two-headed ogre.

Vanquished Creatures
  The ghost of PanSaczeczos the Sneak, a novice KoEn (D:4)
  A troll (D:5)
  A hornet (D:6)
  2 steam dragons (D:9)
  2 water moccasins
  2 orc warriors
  2 ice beasts (D:6)
  A black bear (D:6)
  2 ogres
  2 centaurs
  A phantom (D:7)
  2 bullfrogs
  2 necrophages
  4 scorpions
  5 killer bees (D:8)
  A howler monkey (D:6)
  An electric eel (D:7)
  2 bullfrog zombies (D:5)
  5 hounds
  2 gnoll boudas
  6 orc priests
  Crazy Yiuf (D:7)
  4 iguanas
  5 orc wizards
  A scorpion zombie (D:5)
  2 killer bee zombies (D:5)
  A hound zombie (D:5)
  7 adders
  14 gnolls
  2 white imps
  An ufetubus (D:6)
  4 worms
  A dart slug (D:5)
  20 orcs
  2 ball pythons (D:4)
  4 endoplasms
  4 giant cockroaches
  6 goblins
  7 hobgoblins
  4 bats
  4 frilled lizards
  8 kobolds
  4 rats
153 creatures vanquished.

Vanquished Creatures (others)
  A plant (D:4)
1 creature vanquished.

Grand Total: 154 creatures vanquished

Notes
Turn   | Place    | Note
-------+----------+-------------------------------------------
     0 | D:1      | DKerwin the Minotaur Berserker began the quest for the Orb.
     0 | D:1      | Reached XP level 1. HP: 19/19 MP: 0/0
   408 | D:1      | Reached XP level 2. HP: 27/27 MP: 1/1
   525 | D:1      | Found a faded altar of an unknown god.
   806 | D:2      | Reached skill level 4 in Axes
  1211 | D:2      | Reached XP level 3. HP: 33/33 MP: 2/2
  2055 | D:4      | Reached ** piety under Trog
  2156 | D:4      | Identified the +1 ring mail "Ugihef" {rF+ Str+4}
  2195 | D:4      | Reached XP level 4. HP: 41/41 MP: 3/3
  2198 | D:4      | Found a runed translucent gate.
  2198 | D:4      | Found a runed translucent gate.
  2198 | D:4      | Found a runed translucent gate.
  2215 | D:4      | Noticed PanSaczeczos's ghost (novice KoEn)
  2441 | D:4      | Reached XP level 5. HP: 47/47 MP: 4/4
  2443 | D:4      | Killed PanSaczeczos's ghost
  2444 | D:4      | Reached skill level 5 in Fighting
  2444 | D:4      | Reached skill level 5 in Axes
  2444 | D:4      | Reached XP level 6. HP: 56/56 MP: 5/5
  2479 | D:4      | Found a blossoming altar of Fedhas.
  2854 | D:5      | Entered Level 5 of the Dungeon
  2888 | D:5      | Found a basalt altar of Yredelemnul.
  2900 | D:5      | Reached skill level 5 in Armour
  2906 | D:5      | Reached XP level 7. HP: 61/61 MP: 6/6
  2946 | D:5      | Reached skill level 6 in Axes
  2980 | D:5      | Reached *** piety under Trog
  3061 | D:5      | Found a glowing silver altar of Zin.
  3259 | D:5      | Found a staircase to the Ecumenical Temple.
  3270 | D:5      | Reached skill level 5 in Dodging
  3284 | Temple   | Entered the Ecumenical Temple
  3500 | D:5      | Noticed a troll
  3505 | D:5      | Reached skill level 7 in Axes
  3507 | D:5      | Killed a troll
  3508 | D:5      | Reached XP level 8. HP: 71/71 MP: 7/7
  3626 | D:5      | Reached skill level 8 in Axes
  4307 | D:6      | You fall into a shaft and drop 1 floor!
  4362 | D:6      | Noticed a hornet
  4456 | D:6      | Reached skill level 9 in Axes
  4478 | D:6      | Reached XP level 9. HP: 79/79 MP: 8/8
  4545 | D:6      | Paralysed by a hornet for 1 turns
  5198 | D:6      | Found an ornate altar of the Wu Jian Council.
  5258 | D:6      | Found a burning altar of Makhleb.
  6036 | D:7      | Found the +7 Throatcutter {drain, coup de grace}
  6072 | D:7      | Found a runed translucent door.
  6073 | D:7      | Noticed Crazy Yiuf
  6077 | D:7      | Killed Crazy Yiuf
  6078 | D:7      | Reached skill level 10 in Axes
  6181 | D:7      | Found Gozag's Platinum Reserve.
  6182 | D:7      | Found an opulent altar of Gozag.
  6643 | D:8      | Found a shadowy altar of Dithmenos.
  6776 | D:8      | Identified the +2 ring mail "Goock" {Rampage Str+5 Stlth+}
  6801 | D:8      | Found an iron altar of Okawaru.
  6998 | D:8      | Found a glowing golden altar of the Shining One.
  7143 | D:8      | Reached **** piety under Trog
  7246 | D:8      | Found a sparkling altar of Nemelex Xobeh.
  7650 | D:9      | Reached skill level 11 in Axes
  7673 | D:9      | Noticed a two-headed ogre
  7679 | D:9      | Slain by a two-headed ogre

Illustrated notes

Levels and vault maps discovered:
D:1:      dpeg_arrival_fog, layout_loops_ring, shapermc_ecumenical_altar_ellora
D:2:      layout_basic, bh_walls_and_bars
D:3:      kennysheep_big_flooded_room, layout_rooms
D:4:      layout_rooms, lemuel_tele_altar, serial_bayou, serial_bayou_lagoon_a,
          serial_bayou_pond_e, serial_bayou_ford_a, serial_bayou_pond_d,
          serial_bayou_crossing, serial_bayou_shore_a, gammafunk_ghost_split,
          st_stairs_13, small_statue_alley_b, minmay_surrounded
D:5:      layout_basic, zin_academy, nicolae_yredelemnul_corpse_copse,
          minmay_temple_entry_mini_moons
D:6:      layout_basic, nzn_wu_jian_council_hall, makhleb_heckhound_becter,
          minmay_misc_feat_chi, grunt_tough_drop
D:7:      layout_loops_corners, nicolae_gozag_zags_fifth_avenue,
          kennysheep_flooded_box, minivault_24, uniq_crazy_yiuf_cottage
D:8:      layout_loops_cross, mainiacjoe_overflow_surrounded_room,
          mainiacjoe_overflow_24_doors, mainiacjoe_overflow_boulevard,
          david_defended_altar_orc
D:9:      layout_cave_pools, enter_bailey_6
Temple:   nicolae_temple_no_exploring_needed

Skill      XL: |  1  2  3  4  5  6  7  8  9 |
---------------+----------------------------+-----
Axes           | 4 5 7 9 11 | 11.0
Fighting       | 4 5 6 7 8 |  8.7
Armour         | 3 4 5 6 7 8 |  8.3
Dodging        | 3 4 5 6 7 |  7.6

Action                   |  1- 3 |  4- 6 |  7- 9 || total
-------------------------+-------+-------+-------++-------
Melee: Hand axe          |    72 |    24 |       ||    96
       Headbutt          |    13 |     4 |    27 ||    44
       Dagger            |     4 |       |       ||     4
       Punch             |     2 |       |     1 ||     3
       Broad axe         |     9 |     8 |     3 ||    20
       Flail             |       |     2 |   197 ||   199
Throw: Boomerang         |       |       |    33 ||    33
Invok: Berserk           |       |     3 |     7 ||    10
       Trog's Hand       |       |       |     1 ||     1
Evoke: Wand              |       |       |     2 ||     2
  Use: Scroll            |     7 |     3 |     6 ||    16
 Stab: Fleeing           |       |       |     1 ||     1
Armor: Animal skin       |     2 |       |       ||     2
       Ring mail         |    16 |    17 |    95 ||   128
       Skin              |     2 |       |       ||     2
Dodge: Dodged            |    44 |    29 |   204 ||   277
